 Dungeon Crawl Stone Soup version 0.32-a0-673-g3729bd50f8 (webtiles) character file.

Game seed: 1912392911862275256

1835 dolemite99 the Ruffian (level 8, -6/68 HPs)
             Began as a Troll Shapeshifter on Mar 10, 2024.
             Was an Elder of Okawaru.
             Killed from afar by Dowan (19 damage)
             ... with a shard of ice
             ... on level 6 of the Dungeon.
             The game lasted 00:08:59 (6317 turns).

dolemite99 the Ruffian (Troll Shapeshifter)         Turns: 6317, Time: 00:08:59

Health: -6/68      AC:  5    Str: 20 (23) XL:     8   Next: 87%
Magic:  10/10      EV:  9    Int:  6 (8)  God:    Okawaru [****..]
Gold:   184        SH:  0    Dex:  7 (9)  Spells: 7/7 levels left

rFire   . .          .
                       - Unarmed
rCold   . . .        (no shield)
rNeg    . . .        a - +1 animal skin
rPois   .            (helmet currently unavailable)
rElec   .            (cloak currently unavailable)
rCorr   .            (gloves unavailable)
SInv    .            (boots unavailable)
Will    .....        (no amulet)
Stlth   +            (no ring)
HPRegen 1.11/turn    (no ring)
MPRegen 0.12/turn

%: no passive effects
@: confused, mighty, lit by a corona, beast-form, ambrosia-drunk, glowing
A: beast (slay +4), large, unfitting armour, claws 3, regeneration 1, shaggy fur
1, tough skin 1
a: Begin Untransformation, Renounce Religion, Heroism, Finesse


You were on level 6 of the Dungeon.
You worshipped Okawaru.
Okawaru was greatly pleased with you.
You were a hulking beast.
You visited 1 branch of the dungeon, and saw 6 of its levels.

You collected 256 gold pieces.
You spent 72 gold pieces at shops.

Inventory:

Hand Weapons
 e - the +8 rapier of the Maze {elec, Will++}
   (You found it on level 3 of the Dungeon)

   Will++:    It greatly increases your willpower.
Missiles
 i - 5 curare-tipped darts
 q - 2 javelins (quivered)
 r - 6 poisoned darts
Armour
 a - a +1 animal skin (worn)
Jewellery
 l - a ring of fire
 n - a ring of fire
Talismans
 c - a beast talisman (active)
 d - a flux talisman
Wands
 k - a wand of digging (2)
 o - a wand of flame (16)
 u - a wand of polymorph (3)
Scrolls
 b - a scroll of silence
 f - a scroll of fear
 h - 2 scrolls of teleportation
 p - 3 scrolls of immolation
 v - a scroll of poison
Potions
 g - a potion of might
 m - a potion of attraction
 s - a potion of haste {unknown}
 t - a potion of berserk rage {unknown}
 w - a potion of resistance {unknown}
 x - a potion of degeneration


   Skills:
 - Level 0.7 Fighting
 - Level 1.5 Dodging
 + Level 7.9 Unarmed Combat
 - Level 4.5 Invocations
 + Level 7.3 Shapeshifting


You had 7 spell levels left.
You didn't know any spells.
Your spell library contained the following spells:

 Spells                   Type           Power      Damage    Failure   Level
 Sigil of Binding         Hex            0%         N/A       83%         3
 Dimensional Bullseye     Hex/Tloc       0%         N/A       99%         4
 Call Canine Familiar     Summ           Unusable   N/A       N/A         3

Dungeon Overview and Level Annotations

Branches:
Dungeon (6/15)             Temple (0/1) D:5

Altars:
Ashenzari
Fedhas
Kikubaaqudgha
Okawaru
Ru
Trog

Shops:
D:3 *=   D:4 *

Annotations:
D:4 2 transporters
D:6 Dowan


Innate Abilities, Weirdness & Mutations

You are a hulking beast.
Your limbs bulge with bestial killing power. (Slay +4)
You are too large for most types of armour.
You have claws for hands.
Your natural rate of healing is unusually fast.
You are covered in fur. (AC +1)
You have tough skin. (AC +1)


Message History

Duvessa attacks as she pursues you! Duvessa hits you but does no damage.
Duvessa hits you with a +2 rapier of speed!
Duvessa attacks as she pursues you! Duvessa barely misses you.
Duvessa hits you with a +2 rapier of speed.
You scratch Duvessa. You claw Duvessa.
Duvessa is moderately wounded.
Duvessa barely misses you.
Dowan casts a spell.
Dowan blinks!
Duvessa hits you with a +2 rapier of speed.
You claw Duvessa!
Duvessa is heavily wounded.
Duvessa hits you with a +2 rapier of speed!
Duvessa hits you with a +2 rapier of speed.
You scratch Duvessa.
Duvessa is severely wounded.
Duvessa hits you with a +2 rapier of speed! x2
You claw Duvessa! Your claw misses Duvessa.
Duvessa is almost dead.
Duvessa hits you with a +2 rapier of speed! x2
* * * LOW HITPOINT WARNING * * *
You claw Duvessa!
You kill Duvessa!
Okawaru is honoured by your kill.
You can now speed up your combat.
Dowan screams, "No!
No!"
Dowan seems to find hidden reserves of power!
Dowan gestures at you while chanting. The stone arrow hits you!
* * * LOW HITPOINT WARNING * * *
It was a potion of degeneration.
There was something very wrong with that liquid.
You feel weakened.
You feel dopey.
You feel clumsy.
It was a potion of might.
You feel very mighty all of a sudden.
It was a potion of ambrosia.
You are confused.
You feel invigorated. Dowan casts a spell at you. The shard of ice hits you!!
You die...

#.# #.. .... #.#
#.#########.##### #.#
#...............#
#.##+#+##...#######.##.##
#.#....⌠#.#.# #†##.#
#.'....ß#...# #.##.#
#.#.e..⌠#...# #.##.#
#.#######.#.#######.##.#
#.........#....eh...##.#
######################.##
.(......<)..#
########)#..# #.#.##
#.#.# #.#.# #.#.# #.#.#


You could see Dowan (fast).

Vanquished Creatures
  A moth of wrath (D:4)
  Grinder (D:5)
  Duvessa (D:6)
  A black bear (D:4)
  2 phantoms (D:4)
  4 scorpions
  A water moccasin zombie (D:4)
  3 hounds
  2 bombardier beetles (D:5)
  An orc priest (D:5)
  A bullfrog skeleton (D:4)
  Jessica (D:2)
  2 iguanas (D:4)
  3 orc wizards
  A scorpion zombie (D:4)
  2 hound zombies (D:4)
  4 gnolls (D:4)
  3 adders
  A ribbon worm zombie (D:4)
  2 ufetubi (D:6)
  2 adder zombies (D:4)
  An adder skeleton (D:4)
  2 dart slugs
  6 ribbon worms
  18 orcs
  11 ball pythons
  4 bats
  10 endoplasms
  3 giant cockroaches (D:1)
  5 goblins
  8 hobgoblins
  12 jackals
  6 quokkas
  3 frilled lizards
  2 kobolds
  8 rats
138 creatures vanquished.

Notes
Turn   | Place    | Note
-------+----------+-------------------------------------------
     0 | D:1      | dolemite99 the Troll Shapeshifter began the quest for the
                  | Orb.
     0 | D:1      | Reached XP level 1. HP: 18/18 MP: 0/0
   133 | D:1      | Reached XP level 2. HP: 26/26 MP: 1/1
   203 | D:1      | Found a faded altar of an unknown god.
   211 | D:1      | Prayed at the altar of an unknown god.
   211 | D:1      | Became a worshipper of Warmaster Okawaru
   211 | D:1      | Reached * piety under Okawaru
   401 | D:1      | Reached XP level 3. HP: 32/32 MP: 2/2
   682 | D:2      | Noticed Jessica
   688 | D:2      | Killed Jessica
   787 | D:2      | Reached XP level 4. HP: 31/40 MP: 3/3
   912 | D:2      | You fall into a shaft and drop 2 floors!
  1158 | D:4      | Found a transporter.
  1168 | D:4      | Found a transporter.
  1201 | D:3      | Found Leleawer's General Store.
  1208 | D:3      | Bought a potion of curing for 36 gold pieces
  1208 | D:3      | Bought a scroll of teleportation for 36 gold pieces
  1439 | D:3      | Identified the +8 rapier of the Maze {elec, Will++}
  1548 | D:3      | Found a broken altar of Ashenzari.
  2150 | D:2      | Reached XP level 5. HP: 46/46 MP: 4/4
  2563 | D:3      | Found an ancient bone altar of Kikubaaqudgha.
  2580 | D:3      | Found Memaqis's Jewellery Shop.
  3137 | D:4      | Reached skill level 5 in Unarmed Combat
  3361 | D:4      | Noticed a black bear
  3366 | D:4      | Killed a black bear
  3366 | D:4      | Reached ** piety under Okawaru
  3367 | D:4      | Reached skill level 5 in Shapeshifting
  3367 | D:4      | Reached XP level 6. HP: 54/54 MP: 5/5
  3390 | D:4      | Found a sacrificial altar of Ru.
  3573 | D:4      | HP: 3/81 [ribbon worm zombie (3)]
  3795 | D:4      | Noticed a moth of wrath
  3798 | D:4      | Found a bloodstained altar of Trog.
  3811 | D:4      | Reached XP level 7. HP: 61/61 MP: 6/6
  3978 | D:4      | Killed a moth of wrath
  3978 | D:4      | Reached *** piety under Okawaru
  4145 | D:4      | Reached XP level 8. HP: 64/68 MP: 10/10
  4435 | D:4      | Found Duhauxuo's Overcharged Wands.
  4591 | D:5      | Entered Level 5 of the Dungeon
  4873 | D:5      | Found a staircase to the Ecumenical Temple.
  5498 | D:5      | Found a blossoming altar of Fedhas.
  5666 | D:5      | Noticed Grinder
  5673 | D:5      | Killed Grinder
  6288 | D:6      | Noticed Duvessa
  6288 | D:6      | Noticed Dowan
  6314 | D:6      | Killed Duvessa
  6314 | D:6      | Reached **** piety under Okawaru
  6317 | D:6      | Killed from afar by Dowan

Illustrated notes

Levels and vault maps discovered:
D:1:      dpeg_arrival_tiny_j, layout_basic, shapermc_ecumenical_altar_pompeii,
          st_stairs_10, minmay_split_cup_large
D:2:      layout_basic, uniq_jessica
D:3:      layout_loops_ring, lemuel_round_altar, mainiacjoe_overflow_catwalk,
          serial_shops, shop_fountains, nicolae_shop_gaudy_bauble,
          serial_park_tiny_2, grunt_ministairs_1
D:4:      gammafunk_steamed_eel, layout_layer_cave, tgw_trog,
          mainiacjoe_overflow_chevrons, enter_ossuary_3, serial_undead,
          serial_undead_a, serial_undead_f, serial_undead_e, serial_undead_a,
          chequers_serial_rivers_micro_d, nicolae_shop_overcharged_wands
D:5:      layout_gridville, lemuel_crystal_altar, temple_statues,
          nicolae_underground_beach, uniq_grinder
D:6:      dreamdust_elfheim, layout_basic, lemuel_crystal_altar,
          nicolae_uskayaw_suspiria

Skill      XL: |  1  2  3  4  5  6  7  8 |
---------------+-------------------------+-----
Unarmed Combat | 4 5 6 7 |  7.9
Shapeshifting  | 4 5 7 |  7.3
Invocations    | 4 |  4.5
Fighting       | |  0.7
Dodging        | |  1.5

Action                     |  1- 3 |  4- 6 |  7- 9 || total
---------------------------+-------+-------+-------++-------
  Melee: Unarmed           |    61 |   120 |   113 ||   294
         Punch             |     1 |     4 |     4 ||     9
  Throw: Boomerang         |       |    51 |       ||    51
         Javelin           |       |       |     6 ||     6
  Evoke: Wand              |       |       |     1 ||     1
    Use: Scroll            |       |     8 |     2 ||    10
         Potion            |       |     2 |     3 ||     5
   Stab: Sleeping          |     1 |       |       ||     1
 Armour: Animal skin       |    34 |    76 |   110 ||   220
         Skin              |       |    17 |       ||    17
  Dodge: Dodged            |    29 |    62 |    60 ||   151

Table legend: (Time is in decaauts)
 A = Elapsed time spent in this place.
 B = Non-inter-level travel time spent in this place.
 C = Inter-level travel time spent in this place.
 D = Time resting spent in this place.
 E = Time spent auto-exploring this place.
 F = Levels seen in this place.
 G = Mean time per level.
                   A        B        C        D        E       F      G
               +--------+--------+--------+--------+--------+-----+--------+
         Total |   6316 |   5947 |    369 |   1983 |   2808 |   6 | 1052.7 |
       Dungeon |   6316 |   5947 |    369 |   1983 |   2808 |   6 | 1052.7 |
               +--------+--------+--------+--------+--------+-----+--------+

Top non-repeatable levels by time:
     D:4: 1991 daAuts
     D:5: 1310 daAuts
     D:3: 1183 daAuts
     D:2: 964 daAuts
     D:1: 621 daAuts
     D:6: 244 daAuts
